 Dungeon Crawl Stone Soup version 0.23-a0-391-g8c51ad5 (webtiles) character file.

951 sleepydude the Cudgeler (level 7, -10/59 (61) HPs)
             Began as a Minotaur Fighter on Oct 30, 2018.
             Mangled by Duvessa
             ... wielding a +0 short sword
              (12 damage)
             ... on level 5 of the Dungeon.
             The game lasted 00:08:36 (3987 turns).

sleepydude the Cudgeler (Minotaur Fighter)          Turns: 3987, Time: 00:08:37

HP:   -10/59 (61)   AC: 13    Str: 21    XL:     7   Next: 90%
MP:   6/6           EV:  6    Int:  8    God:
Gold: 157           SH: 10    Dex:  9    Spells: 6/6 levels left

rFire    + . .     SeeInvis .   a - +0 flail
rCold    x . .     Gourm    .   c - +0 shield
rNeg     . . .     Faith    .   o - +0 chain mail
rPois    .         Spirit   .   (helmet restricted)
rElec    +         Reflect  .   d - +2 cloak {MR+}
rCorr    .         Harm     .   (no gloves)
MR       +....                  (no boots)
Stlth    ..........             (no amulet)
HPRegen  0.19/turn              i - +3 ring of intelligence
MPRegen  0.10/turn              t - ring "Forget-Me-Not" {Fire +Blink rElec Dex-2 Stlth+}

@: very slightly contaminated, hasted, invisible, very quick
A: retaliatory headbutt, horns 2
a: Evoke Blink


You were on level 5 of the Dungeon.
You were not hungry.

You visited 1 branch of the dungeon, and saw 5 of its levels.

You collected 157 gold pieces.

Inventory:

Hand Weapons
 a - a +0 flail (weapon)
Armour
 c - a +0 shield (worn)
 d - a +2 cloak of magic resistance (worn)
 o - a +0 chain mail (worn)
Jewellery
 i - a +3 ring of intelligence (left hand)
 t - the ring "Forget-Me-Not" (right hand) {Fire +Blink rElec Dex-2 Stlth+}
   (You found it on level 4 of the Dungeon)

   [ring of fire]

   It enhances your fire magic.
   It affects your dexterity (-2).
   It protects you from fire.
   It makes you vulnerable to cold.
   It insulates you from electricity.
   It lets you blink.
   It makes you more stealthy.
Wands
 u - a wand of acid (7)
 w - a wand of paralysis (6)
Scrolls
 e - a scroll of teleportation {unknown}
 g - a scroll of enchant weapon {unknown}
 h - 2 scrolls of magic mapping {unknown}
 j - 4 scrolls of identify {unknown}
 l - 3 scrolls of remove curse {unknown}
 q - a scroll of fog {unknown}
 r - a scroll of immolation {unknown}
 v - 2 scrolls of enchant armour {unknown}
Potions
 k - a potion of haste
 m - a potion of ambrosia {unknown}
 n - a potion of curing {unknown}
 p - a potion of heal wounds {unknown}
 s - 2 potions of lignification {unknown}
Comestibles
 f - 12 rations


   Skills:
 + Level 5.3 Fighting
 + Level 7.0 Maces & Flails
 + Level 5.9 Armour
 + Level 1.7 Dodging
 + Level 1.0 Stealth
 + Level 6.5 Shields


You had 6 spell levels left.
You didn't know any spells.
Your spell library was empty.

Dungeon Overview and Level Annotations

Branches:
Dungeon (5/15)
 Temple: D:4-7

Altars:
Trog

Shops:
D:5 [

Annotations:
D:5 2 transporters, Duvessa


Innate Abilities, Weirdness & Mutations

You reflexively headbutt those who attack you in melee.
You have a pair of horns on your head.


Message History

Duvessa hits you with a +0 short sword.
* * * LOW HITPOINT WARNING * * *
The centaur skeleton hits you.
* * * LOW HITPOINT WARNING * * *
You hit Duvessa but do no damage.
Duvessa is almost dead.
You block Duvessa's attack.
The centaur skeleton hits you but does no damage.
Duvessa hits you with a +0 short sword!
* * * LOW HITPOINT WARNING * * *
It was a potion of invisibility.
You fade into invisibility!
You block Duvessa's attack.
The centaur skeleton closely misses you.
You are very lightly contaminated with residual magic.
It was a potion of haste.
You feel yourself speed up. You block Duvessa's attack.
The centaur skeleton hits you but does no damage.
Duvessa hits you with a +0 short sword!
You die...

##.#;...≈#..
#.#;...≈#..
#.###+###.#
#.#P./.P#.#
#.#8.©.8#.#
#.#######.#.
#....©.(....
###.....##
##).@..#
#..eZ.##
#......###
#..........
#......##..
#.....## .
#....##
##..## #..#


You could see Duvessa (berserk), an electric eel and a centaur skeleton.

Vanquished Creatures
  An ogre (D:5)
  A phantom (D:4)
  An ice beast (D:5)
  A necrophage (D:5)
  A scorpion (D:4)
  Dowan (D:5)
  2 hounds (D:4)
  A centaur skeleton (D:4)
  2 orc priests (D:4)
  A worker ant (D:3)
  An iguana (D:4)
  4 orc wizards (D:4)
  A hound skeleton (D:4)
  Robin (D:4)
  5 adders
  An ooze (D:3)
  4 worms
  5 dart slugs
  6 leopard geckos
  14 orcs
  3 bats
  3 giant cockroaches
  9 hobgoblins
  8 jackals
  2 quokkas
  A ball python (D:2)
  7 frilled lizards
  12 goblins
  8 kobolds
  4 rats
111 creatures vanquished.

Notes
Turn   | Place    | Note
-------+----------+-------------------------------------------
     0 | D:1      | sleepydude the Minotaur Fighter began the quest for the
                  | Orb.
     0 | D:1      | Reached XP level 1. HP: 19/19 MP: 0/0
   174 | D:1      | Reached XP level 2. HP: 23/27 MP: 1/1
   279 | D:1      | You fall through a shaft!
   372 | D:2      | Reached XP level 3. HP: 33/34 MP: 2/2
  1001 | D:2      | Reached skill level 3 in Maces & Flails
  1123 | D:2      | Reached XP level 4. HP: 38/41 MP: 3/3
  1697 | D:3      | Found a bloodstained altar of Trog.
  2120 | D:3      | Reached skill level 4 in Maces & Flails
  2130 | D:3      | Reached XP level 5. HP: 39/47 MP: 4/4
  2583 | D:4      | Noticed Robin
  2606 | D:4      | Killed Robin
  2741 | D:4      | Noticed a phantom
  2760 | D:4      | Reached XP level 6. HP: 21/55 MP: 5/5
  2776 | D:4      | Reached skill level 5 in Fighting
  2776 | D:4      | Reached skill level 5 in Maces & Flails
  2776 | D:4      | Reached skill level 5 in Armour
  2776 | D:4      | Reached skill level 1 in Dodging
  2776 | D:4      | Reached skill level 5 in Shields
  3123 | D:4      | Reached XP level 7. HP: 41/61 MP: 6/6
  3494 | D:4      | Got an ancient turquoise ring
  3539 | D:4      | Identified the ring "Forget-Me-Not" {Fire +Blink rElec
                  | Dex-2 Stlth+} (You found it on level 4 of the Dungeon)
  3601 | D:5      | Entered Level 5 of the Dungeon
  3602 | D:5      | Found a transporter.
  3629 | D:5      | Reached skill level 1 in Stealth
  3639 | D:5      | Reached skill level 6 in Maces & Flails
  3921 | D:5      | Found Qeakuyg's Antique Armour Boutique.
  3952 | D:5      | Found a transporter.
  3961 | D:5      | Noticed Dowan
  3962 | D:5      | Noticed Duvessa
  3969 | D:5      | Killed Dowan
  3969 | D:5      | Reached skill level 7 in Maces & Flails
  3985 | D:5      | HP: 2/59 [Duvessa/+0 short sword (9)]
  3987 | D:5      | Mangled by Duvessa

Vault maps used:
D:1:      minmay_arrival_three_doors
D:2:      serial_park_tiny_2, grunt_ministairs_14
D:3:      trog_butcher_becter
D:4:      first_ration, uniq_robin
D:5:      gammafunk_steamed_eel, serial_shops, shop, uniq_ijyb, uniq_duvessa,
          uniq_menkaure, uniq_edmund

Skill      XL: |  1  2  3  4  5  6  7 |
---------------+----------------------+-----
Fighting       | 4 5 |  5.3
Armour         | 4 5 |  5.9
Shields        | 4 5 6 |  6.5
Maces & Flails | 3 4 5 7 |  7.0
Dodging        | 1 |  1.7
Stealth        | 1 |  1.0

Action                   |  1- 3 |  4- 6 |  7- 9 || total
-------------------------+-------+-------+-------++-------
Melee: Flail             |    80 |   168 |    82 ||   330
       Headbutt          |    13 |    31 |    13 ||    57
  Use: Potion            |       |     1 |     2 ||     3
  Eat: Chunk             |     1 |     6 |     3 ||    10
Armor: Scale mail        |    26 |    12 |       ||    38
       Chain mail        |       |    77 |    96 ||   173
Dodge: Dodged            |    29 |    50 |    32 ||   111
Block: Shield            |    37 |   102 |    91 ||   230

Table legend:
 A = Non-vault XP
 B = Vault XP
 C = Vault XP percentage of total XP
 D = Non-vault monster count
 E = Vault monster count
 F = Vault count percentage of total count
                 A         B        C        D         E       F
            +---------+---------+-------+---------+---------+-------
      Total |    1249 |     110 |   8.1 |      93 |      18 |  16.2
            +---------+---------+-------+---------+---------+-------
        D:1 |      38 |       0 |   0.0 |      22 |       0 |   0.0
        D:2 |      81 |       3 |   3.6 |      21 |       2 |   8.7
        D:3 |      87 |       9 |   9.4 |      18 |       4 |  18.2
        D:4 |     664 |      35 |   5.0 |      24 |      11 |  31.4
        D:5 |     379 |      63 |  14.3 |       8 |       1 |  11.1
            +---------+---------+-------+---------+---------+-------
